 Dungeon Crawl Stone Soup version 0.29.1-1-gd02db6906a (webtiles) character file.

Game seed: 17762021231227887761

31207 Sanktem7 the Warrior (level 13, -6/132 HPs)
             Began as a Minotaur Fighter on Oct 1, 2022.
             Was a High Priest of Okawaru.
             Mangled by an eldritch tentacle (21 damage)
             ... called by a mad acolyte of Lugonu
             ... on level 3 of the Abyss.
             The game lasted 00:56:34 (18113 turns).

Sanktem7 the Warrior (Minotaur Fighter)            Turns: 18113, Time: 00:56:35

Health: -6/132     AC: 26    Str: 31    XL:     13   Next: 24%
Magic:  0/12       EV: 12    Int:  4    God:    Okawaru [*****.]
Gold:   1248       SH: 11    Dex:  8    Spells: 12/12 levels left

rFire   . . .      SeeInvis +   s - +8 hand axe of the Amorous God {flame, rPois rC+, axe}
rCold   + . .      Faith    .   T - +2 buckler {reflect}
rNeg    . . .      Spirit   .   N - +7 chain mail of Rameuha {SInv}
rPois   +          Reflect  +   (helmet restricted)
rElec   .          Harm     .   w - +2 cloak
rCorr   .          Rampage  .   g - +0 pair of gloves "Holeusk" {rPois Stlth+}
Will    .....                   V - +1 pair of boots
Stlth   ..........              D - amulet of reflection
HPRegen 0.32/turn               r - +4 ring of evasion
MPRegen 0.13/turn               o - ring of flight

@: flying, studying Armour
A: horns 2, retaliatory headbutt, fangs 1, strong 1
a: Renounce Religion, Heroism, Finesse, Duel


You were on level 3 of the Abyss.
You worshipped Okawaru.
Okawaru was extremely pleased with you.
You visited 3 branches of the dungeon, and saw 16 of its levels.
You visited the Abyss 1 time.
You also visited: Ossuary.

You collected 1248 gold pieces.


Innate Abilities, Weirdness & Mutations

You have a pair of horns on your head.
You reflexively headbutt those who attack you in melee.
You have very sharp teeth.
Your muscles are strong. (Str +4, Int/Dex -1)


   Skills:
 * Level 17.1 Fighting
 * Level 17.0(17.2) Axes
 + Level 5.1(12.2) Maces & Flails
 + Level 5.8 Throwing
 - Level 10.3 Armour
 - Level 3.6 Shields


You had 12 spell levels left.
You didn't know any spells.
Your spell library contained the following spells:

 Spells                   Type           Power      Damage    Failure   Level
 Sublimation of Blood     Necr           0%         N/A       99%         2
 Wereblood                Tmut           0%         N/A       99%         2
 Dazzling Flash           Conj/Hex       0%         N/A       100%        3
 Stone Arrow              Conj/Erth      0%         3d7       100%        3
 Leda's Liquefaction      Hex/Erth       0%         N/A       100%        4
 Agony                    Necr           0%         N/A       100%        5
 Iskenderun's Battlesphe  Conj           0%         2d6       100%        5
 Lee's Rapid Deconstruct  Erth           0%         3d5*      100%        5
 Silence                  Hex/Air        0%         N/A       100%        5
 Iron Shot                Conj/Erth      0%         9d1       100%        6
 Statue Form              Tmut/Erth      0%         N/A       100%        6
 Orb of Destruction       Conj           0%         9d5       100%        7
 Lehudib's Crystal Spear  Conj/Erth      0%         10d2      100%        8
 Summon Guardian Golem    Hex/Summ       Unusable   N/A       N/A         3
 Animate Armour           Summ/Erth      Unusable   N/A       N/A         4
 Spellforged Servitor     Conj/Summ      Unusable   N/A       N/A         7
 Summon Hydra             Summ           Unusable   N/A       N/A         7

Inventory:

Hand Weapons
 s - the +8 hand axe of the Amorous God (weapon) {flame, rPois rC+, axe}
   (You found it on level 2 of the Dungeon)

   It burns those it strikes, dealing additional fire damage.
   Big, fiery blades are also staple armaments of hydra-hunters.
   rC:        It protects you from cold.
   rPois:     It protects you from poison.
 U - a +1 flail of holy wrath {mace}
   (You took it off a gargoyle on level 11 of the Dungeon)
Missiles
 a - 7 curare-tipped darts {=fthrowing}
 t - 30 poisoned darts (quivered) {throwing}
 x - 2 boomerangs {throwing}
 J - 6 datura-tipped darts {throwing}
Armour
 g - the +0 pair of gloves "Holeusk" (worn) {rPois Stlth+}
   (You acquired it on level 10 of the Dungeon)

   rPois:     It protects you from poison.
   Stlth:     It makes you more stealthy.
 j - a +0 ring mail
   (You took it off a deep elf pyromancer on level 14 of the Dungeon)
 v - a +0 plate armour of fire resistance
   (You took it off an orc warrior on level 13 of the Dungeon)
 w - a +2 cloak (worn)
   (You took it off Crazy Yiuf on level 2 of the Dungeon)
 z - a +0 plate armour
   (You took it off an orc warrior on level 13 of the Dungeon)
 A - +0 acid dragon scales
   (You found it on level 14 of the Dungeon)
 N - the +7 chain mail of Rameuha (worn) {SInv}
   (You found it on level 13 of the Dungeon)

   SInv:      It lets you see invisible.
 T - a +2 buckler of reflection (worn)
   (You took it off a gnoll sergeant on level 9 of the Dungeon)
 V - a +1 pair of boots (worn)
   (You found it on level 13 of the Dungeon)
 W - a +0 leather armour
   (You found it on level 14 of the Dungeon)
Jewellery
 h - a ring of ice
   (You found it on level 1 of the Dungeon)
 o - a ring of flight (right hand)
   (You found it on level 8 of the Dungeon)
 r - a +4 ring of evasion (left hand)
   (You found it on level 2 of the Dungeon)
 D - an amulet of reflection (around neck)
   (You found it on level 13 of the Dungeon)
 E - a +6 ring of strength
   (You took it off a deep elf pyromancer on level 14 of the Dungeon)
Wands
 C - a wand of flame (49)
   (You found it on level 4 of the Dungeon)
 F - a wand of polymorph (3)
   (You took it off a gnoll sergeant on level 6 of the Dungeon)
 G - a wand of light (3)
   (You found it on level 10 of the Dungeon)
 M - a wand of paralysis (9)
   (You found it on level 5 of the Dungeon)
 R - a wand of iceblast (18)
   (You found it on level 5 of the Dungeon)
Scrolls
 c - 2 scrolls of torment {!r}
 e - a scroll of enchant weapon
 i - 3 scrolls of noise {!r}
 m - 6 scrolls of butterflies
 n - 6 scrolls of teleportation {@r4}
 p - 3 scrolls of vulnerability {!r!r}
 y - a scroll of silence {!r}
 H - 2 scrolls of identify {@r1}
 I - a scroll of immolation {!r!r}
 P - a scroll of fear
 Q - a scroll of poison
 S - 2 scrolls of magic mapping {!r}
Potions
 b - 3 potions of curing {@q1}
 d - 2 potions of might
 f - 4 potions of degeneration {!q@e2}
 k - a potion of cancellation
 l - 3 potions of ambrosia
 q - 2 potions of flight
 u - a potion of haste {@q3}
 L - a potion of resistance
 O - a potion of attraction {!q}
Miscellaneous
 B - a lightning rod (4/4)
   (You found it on level 10 of the Dungeon)

Dungeon Overview and Level Annotations

Branches:
Dungeon (14/15) Zot: 25850  Temple (1/1) D:7 Zot: 5765    Lair (1/5) D:9 Zot: 5998
    Orc (0/2) D:9         Ossuary (visited)
 Vaults: D:13-14

Altars:
Ashenzari
Cheibriados
Dithmenos
Elyvilon
Fedhas
Gozag
Hepliaklqana
Kikubaaqudgha
Makhleb
Nemelex Xobeh
Okawaru
Qazlal
Ru
Sif Muna
Trog
Uskayaw
Vehumet
Wu Jian
Xom
Yredelemnul
Zin
The Shining One

Shops:
D:8 ??*(   D:13 (

Annotations:
D:6 2 transporters

## #p######
####+
#≈#≈#≈##≈#..#
##'..w@.p....#
##.#X#Xwp≈≈#§##
#φ##Xw_X*≈m≈.≈#
##.#F#X..≈≈#.##
##'F.F..§F...#
#≈#≈#≈##≈#.§#
#.###### ####+
##


You could see 3 starcursed masses, a tentacled monstrosity, an eldritch
tentacle, a tentacled starspawn, a merfolk avatar, 2 mad acolytes of Lugonu, 4
blink frogs and 2 starspawn tentacles.


Message History

The red draconian breathes fire at you. The searing blast hits you!! 😮 HP[-20]
You take 20 damage, and now have 70/132 hp.
Found a gateway leading deeper into the Abyss. 😮 HP[+1]
The red draconian breathes fire at you. The searing blast hits you!!
* * * LOW HITPOINT WARNING * * *
😨 HP[-24]
You take 24 damage, and now have 47/132 hp.
Tentacles burst from the starspawn's body! 2 starspawn tentacles come into view. 😨 HP[+1]
You block the red draconian's attack.
You slash the red draconian! You slash the starspawn tentacle!
You burn the starspawn tentacle.
You block the starspawn tentacle's attack.
You slash the red draconian! You burn the red draconian.
You hit the starspawn tentacle. You burn the starspawn tentacle.
You hit the starspawn tentacle. You burn the starspawn tentacle.
You are suddenly pulled into a different region of the Abyss!
The abyssal matter surrounding you shimmers strangely.
You detect the abyssal rune!
A blink frog comes into view.
The blink frog gives a loud, deep croak!
A mad acolyte of Lugonu comes into view.
It is wielding a +2 quarterstaff of distortion.
The mad acolyte of Lugonu shouts!
A blink frog comes into view.
The blink frog gives a loud, deep croak!
A merfolk avatar comes into view.
The merfolk avatar shouts!
A blink frog comes into view.
The blink frog croaks.
You hear a croak.
Found an abyssal rune of Zot.
Found a corrupted altar of Lugonu. 😨 HP[+1]
The blink frog blinks!
You block the blink frog's attack.
A tentacled starspawn opens the door.
A tentacled monstrosity opens the door.
You block the blink frog's attack. The blink frog misses you.
Okay, then.
The blink frog attacks as you move away!
You block the blink frog's attack.
The mad acolyte of Lugonu shouts!
You hear a shout!
The merfolk avatar chants a haunting song.
You are mesmerised by the merfolk avatar!
A blink frog comes into view.
The blink frog blinks!
The mad acolyte of Lugonu hits you with a +2 quarterstaff of distortion.
* * * LOW HITPOINT WARNING * * *
The blink frog hits you but does no damage.
The blink frog blinks!
The mad acolyte of Lugonu mumbles some strange words.
The dungeon shakes, a horrible noise fills the air, and a portal to some otherworldly place is opened!
A mad acolyte of Lugonu comes into view.
It is wielding a +1 quarterstaff of distortion.
Okay, then.
Okay, then.
Okay, then.
Aiming: Duel (90% risk of failure)
Press: ? - help, Dir - move target, f - blink frog
Aim: a blink frog You fail to use your ability.
The merfolk avatar stops singing.
You break out of your daze!
The mad acolyte of Lugonu shouts!
The blink frog blinks!
The merfolk avatar chants a haunting song.
You resist.
A starcursed mass splits.
Tentacles burst from the starspawn's body!
The mad acolyte of Lugonu casts a spell.
The mad acolyte of Lugonu blinks!
The mad acolyte of Lugonu casts a spell at you.
You blink.
The blink frog blinks!
The blink frog blinks! 😨 HP[+1] Blink to where?
Press: ? - help, Q - select action, (/) - cycle Dir - move target
As you read the scroll of blinking {!r}, it crumbles to dust.
The blink frog blinks!
You see a puff of smoke.
The eldritch tentacle slaps you but does no damage.
The eldritch tentacle claws you but does no damage.
Tentacles burst from the starspawn's body!
The mad acolyte of Lugonu points at you and mumbles some strange words.
Something smites you!
* * * LOW HITPOINT WARNING * * *
2 starspawn tentacles come into view. 😨 HP[-13]
You take 13 damage, and now have 37/132 hp.
You feel yourself speed up.
The blink frog blinks! x2
The eldritch tentacle slaps you but does no damage.
The eldritch tentacle claws you!!
* * * LOW HITPOINT WARNING * * *
You feel your power leaking away.
The merfolk avatar chants a haunting song.
You resist with some effort.
A starcursed mass splits.
The eldritch tentacle slaps you but does no damage.
The eldritch tentacle claws you!!
You die...

Skill      XL: |  1  2  3  4  5  6  7  8  9 10 11 12 13 |
---------------+----------------------------------------+-----
Fighting       | 4 5 6 7 8 9 11 13 15 16 17 | 17.1
Axes           | 3 4 5 6 7 9 11 13 15 16 17 | 17.0
Armour         | 4 5 6 7 9 10 | 10.3
Throwing       | 3 5 |  5.8
Maces & Flails | 4 5 |  5.1
Shields        | |  3.6

Action                   |  1- 3 |  4- 6 |  7- 9 | 10-12 | 13-15 || total
-------------------------+-------+-------+-------+-------+-------++-------
Melee: War axe           |    66 |    34 |       |       |       ||   100
       Headbutt          |     8 |    13 |    34 |   147 |    17 ||   219
       Hand axe          |       |    49 |   218 |   570 |    75 ||   912
       Bite              |       |       |     5 |    70 |    14 ||    89
Throw: Stone             |       |       |       |    18 |       ||    18
       Dart              |       |       |       |     1 |     1 ||     2
  Use: Scroll            |       |     6 |    16 |     6 |     2 ||    30
       Potion            |       |       |     8 |     1 |       ||     9
Armor: Scale mail        |    35 |     8 |       |       |       ||    43
       Chain mail        |       |    19 |    58 |   118 |    46 ||   241
       Plate armour      |       |       |       |    48 |       ||    48
Dodge: Dodged            |    37 |    41 |   167 |   322 |    34 ||   601
Block: Buckler           |    15 |    12 |    34 |   101 |    39 ||   201
       Reflection        |       |       |       |     7 |       ||     7

Levels and vault maps discovered:
D:1:      dpeg_arrival_three_smaller_balls, layout_basic,
          hellmonk_ecumenical_altar_watching_god
D:2:      layout_loops_ring, basic_altar, minmay_split_cup_small, uniq_natasha,
          uniq_crazy_yiuf_cottage
D:3:      layout_basic
D:4:      layout_gridville, mainiacjoe_overflow_alcove_2, st_stairs_13,
          kennysheep_generic_room_10
D:5:      layout_basic
D:6:      layout_loops_ring, gammafunk_temple_overflow_arena,
          mainiacjoe_overflow_small_starburst, serial_glass, glass_columns_a,
          glass_columns_b, glass_columns_a, glass_columns_a, glass_columns_a,
          glass_columns_b, glass_columns_b, glass_columns_b, glass_columns_a,
          glass_columns_a, nicolae_grassy_gnolls
D:7:      black_bear_nest_1, layout_loops_ring,
          grunt_temple_overflow_gold_and_silver,
          nemelex_xobeh_ov_fountains_minmay, nicolae_dithmenos_the_darkroom,
          fedhas_altar_decomposition, minmay_temple_entry_junction
D:8:      layout_cave_pools, serial_shops, shop, shop, shop, shop,
          enter_ossuary_1, minmay_manual_monstrance
D:9:      layout_long_grid, okawaru_altar_gauntlet_db, erik_lair_island,
          kennysheep_orc_monster_closet_entryway, serial_undead,
          serial_undead_d, serial_undead_c, serial_undead_a, serial_undead_e,
          hangedman_decor_riveting
D:10:     layout_basic, lemuel_doored_altar, nzn_hepliaklqana_mist_gate
D:11:     layout_cave_pods, grunt_ministairs_5, uniq_sonja, uniq_lodul,
          uniq_erica
D:12:     layout_irregular_city
D:13:     layout_basic, serial_shops, nicolae_shop_bloodbath_and_beyond,
          minmay_ruined_shrine, uniq_nessos
D:14:     layout_rooms, grunt_vaults_entry_tiered, roderic_serpentine_path,
          minmay_misc_feat_room, hangedman_decor_lopped
Temple:   nicolae_temple_bog_church
Lair:1:   layout_chaotic_city
Abyss:3:  base: D:1, hangedman_abyss_overflow_altar, evilmike_abyss_exit_2,
          evilmike_abyss_rune_siren_acolytes

Notes
Turn   | Place    | Note
-------+----------+-------------------------------------------
     0 | D:1      | Sanktem7 the Minotaur Fighter began the quest for the Orb.
     0 | D:1      | Reached XP level 1. HP: 19/19 MP: 0/0
     0 | D:1      | magus.rc [v1.9.6]
   114 | D:1      | Reached skill level 4 in Fighting
   114 | D:1      | Reached skill level 3 in Axes
   114 | D:1      | Reached XP level 2. HP: 12/27 MP: 1/1
   115 | D:1      | HP: 3/27 [frozen (5)]
   526 | D:1      | Reached XP level 3. HP: 29/34 MP: 2/2
   643 | D:1      | You pick up a book of the Earth and begin reading...
   643 | D:1      | You add the spells Leda's Liquefaction, Lee's Rapid
                  | Deconstruction and Statue Form to your library.
   701 | D:1      | Noticed an eye of devastation
   714 | D:1      | Found a faded altar of an unknown god.
   716 | D:1      | Noticed a great orb of eyes
   722 | D:1      | Noticed an eye of devastation
   796 | D:1      | Noticed a shining eye
  1059 | D:1      | Reached skill level 4 in Axes
  1200 | D:2      | Reached XP level 4. HP: 35/41 MP: 3/3
  1295 | D:2      | Noticed Natasha
  1304 | D:2      | Killed Natasha
  1305 | D:2      | Reached skill level 5 in Fighting
  1457 | D:2      | Found a sparkling altar of Nemelex Xobeh.
  1458 | D:2      | Noticed Natasha
  1465 | D:2      | Killed Natasha
  1571 | D:2      | Identified the +8 hand axe of the Amorous God {flame, rPois
                  | rC+}
  1652 | D:2      | You pick up a book of Blood and begin reading...
  1652 | D:2      | You add the spells Sublimation of Blood, Wereblood and
                  | Summon Hydra to your library.
  1653 | D:2      | Noticed Natasha
  1656 | D:2      | Killed Natasha
  1657 | D:2      | Reached XP level 5. HP: 49/49 MP: 4/4
  1679 | D:2      | Reached skill level 5 in Axes
  1882 | D:2      | Identified the +6 spear of Rubbish {flame, Will+++ Int-2
                  | SInv Stlth-}
  2049 | D:2      | Found a runed translucent door.
  2050 | D:2      | Noticed Crazy Yiuf
  2241 | D:2      | Killed Crazy Yiuf
  2333 | D:3      | Reached skill level 6 in Fighting
  2369 | D:3      | You pick up a book of Armaments and begin reading...
  2369 | D:3      | You add the spells Stone Arrow, Animate Armour and
                  | Lehudib's Crystal Spear to your library.
  2506 | D:3      | Reached XP level 6. HP: 58/58 MP: 5/5
  3015 | D:4      | Reached skill level 6 in Axes
  3023 | D:4      | Reached skill level 4 in Armour
  3174 | D:4      | Reached skill level 7 in Fighting
  3263 | D:4      | Reached XP level 7. HP: 66/66 MP: 6/6
  3735 | D:4      | Found a basalt altar of Yredelemnul.
  3942 | D:5      | Entered Level 5 of the Dungeon
  3957 | D:5      | Reached skill level 7 in Axes
  4594 | D:5      | Reached skill level 8 in Fighting
  4597 | D:5      | Reached skill level 5 in Armour
  4801 | D:5      | Reached XP level 8. HP: 74/74 MP: 7/7
  4844 | D:5      | Reached skill level 8 in Axes
  4938 | D:5      | You pick up a book of Dangerous Friends and begin
                  | reading...
  4938 | D:5      | You add the spells Summon Guardian Golem, Orb of
                  | Destruction and Spellforged Servitor to your library.
  5193 | D:6      | Reached skill level 9 in Fighting
  5371 | D:6      | Reached skill level 9 in Axes
  5371 | D:6      | Reached skill level 6 in Armour
  5423 | D:6      | Found a glowing golden altar of the Shining One.
  5523 | D:6      | Found a bloodstained altar of Trog.
  5523 | D:6      | Noticed a cyclops
  5524 | D:6      | Noticed a boulder beetle
  5524 | D:6      | Noticed a manticore
  5525 | D:6      | Found a transporter.
  5528 | D:6      | Noticed a two-headed ogre
  5628 | D:6      | Found a transporter.
  5882 | D:6      | You fall into a shaft and drop 2 floors!
  5882 | D:8      | Found Fabyleoss's Magic Scroll Shoppe.
  5888 | D:8      | Found Gaos's Magic Scroll Shop.
  5906 | D:8      | Reached XP level 9. HP: 45/85 MP: 8/8
  6050 | D:8      | Reached skill level 10 in Fighting
  6078 | D:8      | Found a sand-covered staircase.
  6087 | Ossuary  | Entered an ossuary
  6158 | Ossuary  | Reached skill level 10 in Axes
  6388 | D:8      | Noticed a two-headed ogre
  6398 | D:8      | Killed a two-headed ogre
  6399 | D:8      | Reached skill level 7 in Armour
  6608 | D:8      | Noticed a two-headed ogre
  6608 | D:8      | Noticed a two-headed ogre
  6608 | D:8      | Noticed a tengu conjurer
  6622 | D:7      | Found a sparkling altar of Nemelex Xobeh.
  6744 | D:7      | Reached skill level 11 in Fighting
  6761 | D:7      | Found a shadowy altar of Dithmenos.
  6832 | D:7      | Found a staircase to the Ecumenical Temple.
  6882 | D:7      | Found a glowing silver altar of Zin.
  6882 | D:7      | Found an opulent altar of Gozag.
  6967 | D:7      | Killed an unseen horror
  6968 | D:7      | Reached skill level 11 in Axes
  6976 | Temple   | Entered the Ecumenical Temple
  7641 | D:7      | Found a blossoming altar of Fedhas.
  7749 | D:7      | Gained mutation: Your muscles are strong. (Str +4, Int/Dex
                  | -1) [potion of mutation]
  7749 | D:7      | Gained mutation: You have very sharp teeth. [potion of
                  | mutation]
  7860 | D:7      | Reached XP level 10. HP: 95/97 MP: 9/9
  7874 | D:7      | Reached skill level 8 in Armour
  8260 | D:8      | HP: 17/97 [two-headed ogre/+0 giant spiked club (9)]
  8260 | D:8      | HP: 8/97 [two-headed ogre/+0 giant spiked club (9)]
  8675 | D:9      | Reached skill level 12 in Fighting
  8848 | D:9      | Reached skill level 12 in Axes
  9009 | D:9      | Found a staircase to the Lair.
  9213 | D:9      | Reached skill level 13 in Fighting
  9400 | D:9      | Found a staircase to the Orcish Mines.
  9407 | D:9      | Reached skill level 9 in Armour
  9417 | D:9      | HP: 17/101 [gnoll sergeant/+0 trident (10)]
  9417 | D:9      | HP: 7/101 [gnoll sergeant/+5 trident of protection (9)]
  9611 | D:9      | Reached skill level 13 in Axes
  9617 | D:9      | HP: 25/101 [poisoned by a gnoll sergeant]
  9622 | D:9      | HP: 19/101 [poisoned by a gnoll sergeant]
 10213 | D:9      | Reached XP level 11. HP: 107/107 MP: 10/10
 10457 | D:9      | Found an iron altar of Okawaru.
 10477 | D:9      | Became a worshipper of Warmaster Okawaru
 10528 | Lair:1   | Entered Level 1 of the Lair of Beasts
 10528 | Lair:1   | Noticed an eight-headed hydra
 10587 | D:8      | Killed a two-headed ogre
 10795 | D:8      | Reached * piety under Okawaru
 10883 | D:8      | Killed a two-headed ogre
 10991 | D:8      | Found Meroupn's Assorted Antiques.
 10994 | D:8      | Found Ureemus's Antique Weapon Emporium.
 10995 | D:8      | Noticed a catoblepas
 11008 | D:8      | Killed a catoblepas
 11009 | D:8      | Reached skill level 14 in Fighting
 11009 | D:8      | Reached skill level 10 in Armour
 11299 | D:10     | Entered Level 10 of the Dungeon
 11335 | D:10     | Identified a scroll of acquirement
 11335 | D:10     | Acquired the +0 pair of gloves "Holeusk" {rPois Stlth+}
 11346 | D:10     | Noticed a two-headed ogre
 11355 | D:10     | Killed a two-headed ogre
 11355 | D:10     | Reached ** piety under Okawaru
 11356 | D:10     | Reached skill level 14 in Axes
 11907 | D:10     | Found a hazy altar of Hepliaklqana.
 12103 | D:10     | Found a stormy altar of Qazlal.
 12329 | D:11     | Reached skill level 1 in Throwing
 12375 | D:11     | Reached *** piety under Okawaru
 12585 | D:11     | Reached skill level 2 in Throwing
 12640 | D:11     | Noticed Sonja
 12680 | D:11     | Killed Sonja
 12724 | D:11     | Noticed a boulder beetle
 12753 | D:11     | Killed a boulder beetle
 12754 | D:11     | Reached skill level 15 in Fighting
 12891 | D:11     | Noticed Erica
 12906 | D:11     | Killed Erica
 12906 | D:11     | Reached **** piety under Okawaru
 13095 | D:11     | You pick up a book of the Senses and begin reading...
 13095 | D:11     | You add the spells Dazzling Flash, Agony and Silence to
                  | your library.
 13140 | D:11     | Reached skill level 15 in Axes
 13140 | D:11     | Reached skill level 3 in Throwing
 13228 | D:11     | Noticed a cyan ugly thing
 13236 | D:11     | Killed a cyan ugly thing
 13237 | D:11     | Reached XP level 12. HP: 121/121 MP: 11/11
 13397 | D:11     | Noticed Lodul
 13412 | D:11     | Killed Lodul
 14093 | D:12     | Identified the +7 quarterstaff "Maesiont" {drain, rElec}
 14329 | D:12     | Reached ***** piety under Okawaru
 14332 | D:12     | Reached skill level 1 in Maces & Flails
 14660 | D:12     | Reached skill level 4 in Throwing
 14781 | D:13     | Noticed Nessos
 14793 | D:13     | Killed Nessos
 14793 | D:13     | Identified the +2 scale mail "Hoyturir" {rCorr Int+7}
                  | (Okawaru gifted it to you on level 13 of the Dungeon)
 14793 | D:13     | Received a gift from Okawaru
 15063 | D:13     | Found a shimmering altar of Xom.
 15066 | D:13     | Noticed a two-headed ogre
 15080 | D:13     | HP: 25/122 [very large slime creature (30)]
 15085 | D:13     | Reached skill level 2 in Maces & Flails
 15421 | D:12     | Killed a two-headed ogre
 15422 | D:12     | Reached skill level 16 in Fighting
 15444 | D:12     | HP: 29/117 [skeletal warrior/+1 mace of draining (3)]
 15449 | D:12     | HP: 18/116 [skeletal warrior/+1 mace of draining (9)]
 15452 | D:12     | Reached skill level 16 in Axes
 15452 | D:12     | Reached skill level 3 in Maces & Flails
 16235 | D:13     | Reached skill level 5 in Throwing
 16371 | D:13     | Reached skill level 4 in Maces & Flails
 16499 | D:13     | You pick up a book of Power and begin reading...
 16499 | D:13     | You add the spells Iskenderun's Battlesphere and Iron Shot
                  | to your library.
 16576 | D:13     | Found Fazuun's Weapon Shop.
 16626 | D:13     | Identified the +7 chain mail of Rameuha {SInv}
 16870 | D:14     | Noticed a boulder beetle
 16905 | D:14     | Reached XP level 13. HP: 80/130 MP: 12/12
 16921 | D:14     | HP: 24/130 [boulder beetle (39)]
 17464 | D:14     | Identified the +2 robe "Qiadanet" {rC+ rN++ Will+ Str-2}
 17746 | D:14     | Reached skill level 17 in Fighting
 17864 | D:14     | Reached skill level 5 in Maces & Flails
 18006 | D:14     | You are cast into the Abyss!
 18006 | Abyss:2  | Cast into level 2 of the Abyss (a wizard)
 18007 | Abyss:2  | Reached skill level 17 in Axes
 18050 | Abyss:2  | Noticed a lich
 18087 | Abyss:3  | Noticed a red draconian
 18088 | Abyss:3  | Noticed a tentacled starspawn
 18107 | Abyss:3  | Found a corrupted altar of Lugonu.
 18108 | Abyss:3  | Noticed a tentacled starspawn
 18108 | Abyss:3  | Noticed a starcursed mass
 18108 | Abyss:3  | Noticed a tentacled monstrosity
 18113 | Abyss:3  | HP: 15/132 [eldritch tentacle[a mad acolyte of Lugonu]
                  | (23)]
 18113 | Abyss:3  | Mangled by an eldritch tentacle

Vanquished Creatures
  Nessos (D:13)
  A rakshasa (D:14)
  2 boulder beetles
  A catoblepas (D:8)
  5 two-headed ogres
  A centaur warrior (D:14)
  Erica (D:11)
  9 slime creatures
  Lodul (D:11)
  A skeletal warrior (D:12)
  4 deep elf pyromancers
  2 manticores
  2 ugly things
  3 cyclopes
  3 gargoyles
  2 unseen horrors
  2 unseen horror zombies (D:9)
  A yaktaur (D:13)
  2 tengu conjurers
  A hornet (D:9)
  6 trolls
  2 wyverns (D:9)
  6 wraiths
  6 yaks (D:11)
  A shadow (D:13)
  2 steam dragons
  6 humans
  8 vampire mosquitoes
  A basilisk (D:13)
  4 acid dragons
  A water moccasin (D:8)
  8 orc warriors
  2 sky beasts
  2 black bears
  2 ice beasts
  A hornet zombie (D:7)
  3 wolves (D:9)
  13 ogres
  6 centaurs
  5 kobold brigands
  3 bullfrogs
  10 gnoll sergeants
  5 necrophages
  A water moccasin zombie (D:7)
  A scorpion (D:6)
  8 wights
  4 killer bees (D:8)
  2 electric eels (D:9)
  2 howler monkeys
  4 centaur zombies
  A quasit (Abyss:2)
  7 hounds
  A jelly (D:4)
  6 orc priests
  Crazy Yiuf (D:2)
  2 gnoll boudas (D:6)
  5 iguanas
  Natasha (thrice) (D:2)
  4 orc wizards
  A mummy (Ossuary)
  2 howler monkey zombies (D:9)
  32 gnolls
  5 adders
  4 white imps
  2 worms (D:3)
  3 dart slugs
  38 orcs
  8 endoplasms
  4 giant cockroaches
  10 goblins
  11 hobgoblins
  8 jackals
  17 kobolds
  4 quokkas
  6 ball pythons
  7 bats
  5 frilled lizards
  8 gnoll skeletons (Ossuary)
  9 kobold skeletons (Ossuary)
  8 orc skeletons (Ossuary)
  7 rats
  7 bushes (D:7)
406 creatures vanquished.

Vanquished Creatures (others)
  Sonja (D:11)
  A large abomination (Abyss:2)
  A slime creature (D:14)
  A kobold (D:9)
  26 plants
  2 starspawn tentacles (Abyss:3)
  4 withered plants (D:9)
36 creatures vanquished.

Grand Total: 442 creatures vanquished

Table legend:
 A = Non-vault XP
 B = Vault XP
 C = Vault XP percentage of total XP
 D = Non-vault monster count
 E = Vault monster count
 F = Vault count percentage of total count
                 A         B        C        D         E       F
            +---------+---------+-------+---------+---------+-------
      Total |   26341 |   18241 |  40.9 |     267 |     133 |  33.2
            +---------+---------+-------+---------+---------+-------
        D:1 |      85 |       0 |   0.0 |      37 |       0 |   0.0
        D:2 |     135 |      79 |  36.9 |      18 |       5 |  21.7
        D:3 |     182 |       0 |   0.0 |      23 |       0 |   0.0
        D:4 |     360 |       6 |   1.6 |      18 |       3 |  14.3
        D:5 |     740 |       0 |   0.0 |      25 |       0 |   0.0
        D:6 |     818 |     205 |  20.0 |      20 |       7 |  25.9
        D:7 |    1046 |     731 |  41.1 |      12 |       8 |  40.0
        D:8 |    2454 |    2217 |  47.5 |      14 |       7 |  33.3
        D:9 |    1642 |    3661 |  69.0 |      18 |      42 |  70.0
       D:10 |    1099 |       0 |   0.0 |      11 |       0 |   0.0
       D:11 |    3885 |    4687 |  54.7 |      19 |      18 |  48.6
       D:12 |    3683 |    1919 |  34.3 |      22 |       3 |  12.0
       D:13 |    4103 |    3701 |  47.4 |      16 |       9 |  36.0
       D:14 |    6064 |     783 |  11.4 |      13 |       4 |  23.5
    Abyss:2 |      45 |       0 |   0.0 |       1 |       0 |   0.0
    Ossuary |       0 |     252 | 100.0 |       0 |      27 | 100.0
            +---------+---------+-------+---------+---------+-------

Illustrated notes

Table legend:
 A = Kills in this place as a percentage of kills in entire the game.
 B = Kills by you in this place as a percentage of kills by you in the entire game.
 C = Kills by friends in this place as a percentage of kills by friends in the entire game.
 D = Other kills in this place as a percentage of other kills in the entire game.
 E = Experience gained in this place as a percentage of experience gained in the entire game.
 F = Experience gained in this place divided by the number of levels of this place that you have seen.
                   A       B       C       D       E      F
               +-------+-------+-------+-------+-------+----------------------
         Total | 100.0 | 100.0 |   N/A | 100.0 | 100.0 | 2346.4
       Dungeon |  93.0 |  93.0 |   N/A | 100.0 |  99.3 | 3163.2
         Abyss |   0.2 |   0.3 |   N/A |   0.0 |   0.1 |  22.5
       Ossuary |   6.8 |   6.8 |   N/A |   0.0 |   0.6 | 252.0
               +-------+-------+-------+-------+-------+----------------------

Table legend: (Time is in decaauts)
 A = Elapsed time spent in this place.
 B = Non-inter-level travel time spent in this place.
 C = Inter-level travel time spent in this place.
 D = Time resting spent in this place.
 E = Time spent auto-exploring this place.
 F = Levels seen in this place.
 G = Mean time per level.
                   A        B        C        D        E       F      G
               +--------+--------+--------+--------+--------+-----+--------+
         Total |  17997 |  17285 |    712 |   1434 |  12979 |  19 |  947.2 |
       Dungeon |  17424 |  16728 |    696 |   1407 |  12631 |  14 | 1244.6 |
        Temple |    234 |    218 |     16 |      0 |    210 |   1 |  234.0 |
          Lair |      1 |      1 |      0 |      0 |      0 |   1 |    1.0 |
         Abyss |    130 |    130 |      0 |     27 |      0 |   2 |   65.0 |
       Ossuary |    205 |    205 |      0 |      0 |    138 |   1 |  205.0 |
               +--------+--------+--------+--------+--------+-----+--------+

Top non-repeatable levels by time:
     D:9: 2411 daAuts
    D:12: 1651 daAuts
    D:11: 1641 daAuts
    D:13: 1343 daAuts
     D:2: 1209 daAuts
     D:1: 1186 daAuts
     D:8: 1177 daAuts
     D:6: 1145 daAuts
     D:7: 1077 daAuts
     D:5: 1037 daAuts
    D:10: 1000 daAuts
     D:4: 933 daAuts
    D:14: 928 daAuts
     D:3: 681 daAuts
  Temple: 234 daAuts
